cohdb
Replays
Latest Replays
All Replays
Popular Replays
Top Player Replays
Match Explorer
How It Works
Community
CoH3 Stats
Reddit
Sign in to upload your games and track your stats! →
Sign in with Steam
Match 42187524
Unlisted
Match 42187524
Overview
Messages
Build Orders
End
Royal Engineer Section
Selects Indian Artillery Battlegroup
Vickers Machine Gun Team
Construct Section Command Post
Dingo Light Scout Car
Infantry Section
Infantry Section
Grenade Package
Construct Platoon Command Post
Unlock M3 Stuart Light Tanks
Selects War Cry
Selects Gurkha Rifles Section
Selects Towed ML 4.2-inch Heavy Mortar
M3 Stuart Light Tank
Gurkha Rifles Section
Mordja
Gacyr
Trion
dBoome
0
0
Comments
sign in to comment!
No comments posted yet!